 Seeded DCSS version 0.29-a0-72-g1732ff48e7 (webtiles) character file.

Game seed: 10000000000011 (custom seed)

476 knot the Chopper (level 6, 0/70 HPs)
             Began as a Demonspawn Berserker on Feb 4, 2022.
             Was a Believer of Trog.
             Slain by a spriggan (13 damage)
             ... on level 5 of the Dungeon.
             The game lasted 00:04:13 (5331 turns).

knot the Chopper (Demonspawn Berserker)             Turns: 5331, Time: 00:04:14

Health: 0/70       AC:  2    Str: 18    XL:     6   Next: 84%
Magic:  6/6        EV: 12    Int: 10    God:    Trog [**....]
Gold:   184        SH:  0    Dex: 12    Spells: 5/5 levels left

rFire   . . .      SeeInvis .   r - +0 war axe
rCold   . . .      Faith    .   (no shield)
rNeg    . . .      Spirit   .   b - +0 animal skin
rPois   .          Reflect  .   (no helmet)
rElec   .          Harm     .   (no cloak)
rCorr   .          Rampage  .   (no gloves)
Will    .....                   (no boots)
Stlth   ..........              (no amulet)
HPRegen 0.21/turn               (no ring)
MPRegen 0.20/turn               (no ring)

@: berserking (expiring), very quick
A: magic regeneration, demonic touch 2
a: Renounce Religion, Berserk, Trog's Hand


You were on level 5 of the Dungeon.
You worshipped Trog.
Trog was pleased with you.
You visited 1 branch of the dungeon, and saw 5 of its levels.

You collected 184 gold pieces.

Inventory:

Hand Weapons
 r - a +0 war axe (weapon)
Missiles
 f - 105 stones
 g - 2 poisoned darts
 o - 4 boomerangs (quivered)
Armour
 b - a +0 animal skin (worn)
Jewellery
 d - an amulet of reflection
Wands
 m - a wand of polymorph (2)
 p - a wand of charming (4)
 q - a wand of flame (26)
Scrolls
 c - a scroll of amnesia {unknown}
 j - 2 scrolls of identify {unknown}
 l - 2 scrolls of blinking {unknown}
 n - a scroll of fog {unknown}
Potions
 e - a potion of curing {unknown}
 h - a potion of might {unknown}
 i - a potion of magic {unknown}
 k - a potion of heal wounds {unknown}


   Skills:
 - Level 3.0 Fighting
 + Level 7.1 Axes
 - Level 1.7 Armour
 - Level 1.7 Dodging


You had 5 spell levels left.
You didn't know any spells.
Your spell library contained the following spells:

 Spells                   Type           Power      Damage    Failure   Level
 Corpse Rot               Necr/Air       0%         N/A       50%         2
 Ensorcelled Hibernation  Hex/Ice        0%         N/A       50%         2
 Passwall                 Tmut/Erth      0%         N/A       50%         2
 Poisonous Vapours        Pois/Air       0%         N/A       50%         2
 Swiftness                Air            0%         N/A       75%         3


Dungeon Overview and Level Annotations

Branches:
Dungeon (5/15)             Temple (0/1) D:4

Altars:

Shops:
D:3 [


Innate Abilities, Weirdness & Mutations

You regenerate magic rapidly.
Your touch may inflict irresistible damage on your foes.


Message History

There is a strange disturbance nearby!
No target in view!
There is a strange disturbance nearby!
No target in view!
No target in view!
Aiming: Polymorph
Press: ? - help, Shift-Dir - straight line Nothing appears to happen.
Something hits you!
Unknown command.
Aiming: Polymorph
Press: ? - help, Shift-Dir - straight line A spriggan appears out of thin air!
Reactivating autopickup.
The spriggan barely misses you.
A red film seems to cover your vision as you go berserk!
You feel yourself moving faster!
You feel mighty! The spriggan hits you.
You hit the spriggan.
The spriggan is moderately wounded.
You barely miss the spriggan.
The spriggan is moderately wounded.
The spriggan barely misses you.
You miss the spriggan.
The spriggan is moderately wounded.
The spriggan hits you.
You slash the spriggan!
The spriggan is heavily wounded.
The spriggan hits you.
You miss the spriggan.
You touch the spriggan.
The spriggan is severely wounded.
You hit the spriggan. Your touch misses the spriggan.
The spriggan is almost dead.
The spriggan closely misses you.
You closely miss the spriggan. Your touch misses the spriggan.
The spriggan is almost dead.
The spriggan hits you!
* * * LOW HITPOINT WARNING * * *
You miss the spriggan. Your touch misses the spriggan.
The spriggan is severely wounded.
The spriggan hits you!
You die...

#........# #.# ### #.#
##.##.##.#####.####.## #.# .
#.##................# #.# ..
#.#####.####.#......# #.# #.≈
#.....).##.....###..###>###.#≈
##########.###.##............#
#. #......###......#
#.###...............#
#..i@.####..##.......
###.....(...##......#
#...#####.##.##.### #...#
#.##.# .# #...# #.##.# .#
#...# #.##.# ..... ......
...... ##.


You could see a spriggan.

Vanquished Creatures
  An ogre (D:3)
  2 scorpions (D:4)
  Dowan (D:4)
  An orc priest (D:4)
  A centaur skeleton (D:4)
  Ijyb (D:4)
  A scorpion zombie (D:5)
  5 adders
  2 orcs (D:4)
  6 endoplasms
  2 giant cockroaches
  5 goblins
  5 hobgoblins
  14 jackals
  A quokka (D:4)
  4 ball pythons
  7 bats
  5 frilled lizards
  3 kobolds
  5 rats
72 creatures vanquished.

Notes
Turn   | Place    | Note
-------+----------+-------------------------------------------
     0 | D:1      | knot the Demonspawn Berserker began the quest for the Orb.
     0 | D:1      | Reached XP level 1. HP: 18/18 MP: 1/1
   153 | D:1      | Reached skill level 3 in Axes
   243 | D:1      | Gained mutation: You regenerate magic rapidly. [demonic
                  | ancestry]
   243 | D:1      | Reached XP level 2. HP: 3/24 MP: 2/2
  1632 | D:2      | Gained mutation: Your touch may inflict minor irresistible
                  | damage on your foes. [demonic ancestry]
  1632 | D:2      | Reached XP level 3. HP: 26/29 MP: 3/3
  1771 | D:2      | Reached skill level 4 in Axes
  2197 | D:2      | Reached XP level 4. HP: 9/35 MP: 4/4
  2202 | D:2      | HP: 2/52 [poisoned by an adder]
  2521 | D:2      | Reached ** piety under Trog
  2884 | D:3      | Noticed an ogre
  2891 | D:3      | Killed an ogre
  2892 | D:3      | Reached skill level 5 in Axes
  2892 | D:3      | Reached XP level 5. HP: 41/41 MP: 5/5
  3034 | D:3      | Found Daocsar's Antique Armour Emporium.
  3650 | D:4      | Noticed Duvessa
  3673 | D:4      | Reached skill level 6 in Axes
  3994 | D:4      | Noticed Ijyb
  4016 | D:4      | Killed Ijyb
  4017 | D:4      | Gained mutation: Your touch may inflict irresistible damage
                  | on your foes. [demonic ancestry]
  4017 | D:4      | Reached XP level 6. HP: 47/47 MP: 6/6
  4069 | D:4      | Noticed Dowan
  4190 | D:4      | Noticed Duvessa
  4190 | D:4      | Duvessa changed into Duvessa the scorpion
  4197 | D:4      | Killed Duvessa the scorpion
  4331 | D:4      | Killed Dowan
  4480 | D:4      | Found a staircase to the Ecumenical Temple.
  4567 | D:4      | Reached skill level 7 in Axes
  5125 | D:5      | Entered Level 5 of the Dungeon
  5322 | D:5      | Noticed a spriggan
  5331 | D:5      | Slain by a spriggan

Illustrated notes

Levels and vault maps discovered:
D:1:      lordsloth_arrival_two_stooges, layout_basic, grunt_decor_fettered,
          minmay_misc_feat_diagonals, nicolae_concentric_dashed_squares_wild
D:2:      layout_rooms, hangedman_decor_clover_reticule
D:3:      layout_basic, serial_shops, shop, kennysheep_path_1
D:4:      layout_rooms, temple_doors_e, uniq_duvessa, uniq_ijyb
D:5:      layout_loops_cross, nicolae_uskayaw_suspiria, item_on_display_a

Skill      XL: |  1  2  3  4  5  6 |
---------------+-------------------+-----
Axes           | 3 4 5 6 7 |  7.1
Fighting       | |  3.0
Armour         | |  1.7
Dodging        | |  1.7

Action                   |  1- 3 |  4- 6 || total
-------------------------+-------+-------++-------
Melee: Hand axe          |   135 |   115 ||   250
       Touch             |     5 |    15 ||    20
       Punch             |     1 |     3 ||     4
       War axe           |       |    15 ||    15
Throw: Boomerang         |       |     3 ||     3
       Dart              |       |     2 ||     2
Invok: Berserk           |     2 |     6 ||     8
       Trog's Hand       |       |     2 ||     2
Evoke: Wand              |       |     6 ||     6
  Use: Potion            |       |     1 ||     1
 Stab: Sleeping          |       |     1 ||     1
Armor: Animal skin       |    25 |    17 ||    42
Dodge: Dodged            |    98 |    76 ||   174

Table legend: (Time is in decaauts)
 A = Elapsed time spent in this place.
 B = Non-inter-level travel time spent in this place.
 C = Inter-level travel time spent in this place.
 D = Time resting spent in this place.
 E = Time spent auto-exploring this place.
 F = Levels seen in this place.
 G = Mean time per level.
                   A        B        C        D        E       F      G
               +--------+--------+--------+--------+--------+-----+--------+
         Total |   5407 |   5209 |    198 |   1833 |   2725 |   5 | 1081.4 |
       Dungeon |   5407 |   5209 |    198 |   1833 |   2725 |   5 | 1081.4 |
               +--------+--------+--------+--------+--------+-----+--------+

Top non-repeatable levels by time:
     D:4: 1663 daAuts
     D:1: 1637 daAuts
     D:2: 1242 daAuts
     D:3: 659 daAuts
     D:5: 204 daAuts
